 Dungeon Crawl Stone Soup version 0.30-a0-424-g7412bad402 (webtiles) character file.

Game seed: 3437765016483798858

1 McMuffin the Stinger (level 1, 0/15 HPs)
             Began as a Naga Venom Mage on Dec 9, 2022.
             Slain by a kobold
             ... wielding a +0 whip
              (5 damage)
             ... on level 1 of the Dungeon.
             The game lasted 00:01:35 (94 turns).

McMuffin the Stinger (Naga Venom Mage)                Turns: 94, Time: 00:01:37

Health: 0/15       AC:  1    Str: 10    XL:     1   Next: 20%
Magic:  2/3        EV:  9    Int: 15    God:
Gold:   23         SH:  0    Dex: 11    Spells: 3/4 levels left

rFire   . . .      SeeInvis +    g - +0 whip
rCold   + . .      Faith    .    (no shield)
rNeg    . . .      Spirit   .    a - +0 robe
rPois   +          Reflect  .    (no helmet)
rElec   .          Harm     .    (no cloak)
rCorr   .          Rampage  .    (no gloves)
Will    .....                    (no barding)
Stlth   ++........               (no amulet)
HPRegen 0.22/turn                e - ring of protection from cold
MPRegen 0.08/turn                f - ring of wizardry

@: very slow
A: AC +0, large, see invisible, deformed body, poison resistance, slowness 2,
spit poison 1, naga tail 1
a: Spit Poison


You were on level 1 of the Dungeon.
You visited 1 branch of the dungeon, and saw 1 of its levels.

You collected 23 gold pieces.

Inventory:

Hand Weapons
 c - a +0 dagger
 g - a +0 whip (weapon)
Armour
 a - a +0 robe (worn)
Jewellery
 e - a ring of protection from cold (left hand)
 f - a ring of wizardry (right hand)
Potions
 b - a potion of magic
 d - a potion of degeneration {unknown}


   Skills:
 + Level 1.5 Dodging
 + Level 3.0 Stealth
 + Level 2.0 Spellcasting
 + Level 1.0 Transmutations
 + Level 4.1 Poison Magic


You had 3 spell levels left.
You knew the following spells:

 Your Spells              Type           Power      Damage    Failure   Level
a - Sting                 Tmut/Pois      36%        1d4       3%          1

Your spell library contained the following spells:

 Spells                   Type           Power      Damage    Failure   Level
 Poisonous Vapours        Pois/Air       14%        N/A       6%          2
 Mephitic Cloud           Conj/Pois/Air  5%         N/A       16%         3
 Olgreb's Toxic Radiance  Pois           13%        N/A       16%         4


Dungeon Overview and Level Annotations

Branches:
Dungeon (1/15)

Altars:


Innate Abilities, Weirdness & Mutations

Your serpentine skin is tough. (AC +0)
You have supernaturally acute eyesight. (SInv)
Armour fits poorly on your strangely shaped body.
Your system is resistant to poisons. (rPois)
You cover ground very slowly.
You can spit poison.
You have a snake-like lower body.


Message History

You see here a +0 dagger.
c - a +0 dagger (weapon)
d - a fuming blue potion
Found a steel ring.
e - a ring of protection from cold
e - a ring of protection from cold (left hand)
Found a whip.
Found a shiny moonstone ring.
f - a ring of wizardry
f - a ring of wizardry (right hand)
You see here a +0 whip.
g - a +0 whip (weapon)
You open the door.
A kobold comes into view. It is wielding a +0 whip.
The kobold shouts!
Found a short sword.
You hit the kobold.
The kobold is heavily wounded.
The kobold barely misses you.
You hit the kobold but do no damage.
The kobold is heavily wounded.
The kobold hits you with a +0 whip.
You hit the kobold.
The kobold is severely wounded.
The kobold barely misses you.
You barely miss the kobold.
The kobold is severely wounded.
The kobold hits you with a +0 whip.
You hit the kobold but do no damage.
The kobold is severely wounded.
The kobold hits you with a +0 whip.
You hit the kobold but do no damage.
The kobold is severely wounded.
The kobold hits you with a +0 whip.
Aiming: Sting (safe; 3% risk of failure)
Press: ? - help, Q - select action, (/) - cycle Shift-Dir - straight line, f - kobold
Aim: a kobold, wielding a +0 whip and quivering stones (severely wounded, 60% to hit)
The sting misses the kobold.
The kobold hits you with a +0 whip.
You die...

########. #........
#........ #.......#
# #.......#
#####.#.......#
...)..K@......+
#.#######.......#
#.# #...########
..# #...###
..##.....# #
#....#.#.##.##
#....#.......#
######....###.#####
..........###.#


You could see a kobold.

Vanquished Creatures
  A ball python (D:1)
1 creature vanquished.

Notes
Turn   | Place    | Note
-------+----------+-------------------------------------------
     0 | D:1      | McMuffin the Naga Venom Mage began the quest for the Orb.
     0 | D:1      | Reached XP level 1. HP: 15/15 MP: 3/3
    94 | D:1      | Slain by a kobold

Illustrated notes

Levels and vault maps discovered:
D:1:      grunt_arrival_lava_bath, layout_basic, basic_ecumenical_altar

Action                   || total
-------------------------++-------
Melee: Whip              ||     6
 Cast: Sting             ||     3
Dodge: Dodged            ||     2

Table legend: (Time is in decaauts)
 A = Elapsed time spent in this place.
 B = Non-inter-level travel time spent in this place.
 C = Inter-level travel time spent in this place.
 D = Time resting spent in this place.
 E = Time spent auto-exploring this place.
 F = Levels seen in this place.
 G = Mean time per level.
                   A        B        C        D        E       F      G
               +--------+--------+--------+--------+--------+-----+--------+
         Total |    123 |    123 |      0 |      0 |      0 |   1 |  123.0 |
       Dungeon |    123 |    123 |      0 |      0 |      0 |   1 |  123.0 |
               +--------+--------+--------+--------+--------+-----+--------+

Top non-repeatable levels by time:
     D:1: 123 daAuts
